 Dungeon Crawl Stone Soup version 0.23-a0-242-g2b5ca64 (webtiles) character file.

1043 Gildeon the Conjurer (level 8, -2/43 HPs)
             Began as a Deep Elf Conjurer on Sept 28, 2018.
             Killed by divine providence
             ... invoked by an orc priest
              (11 damage)
             ... on level 5 of the Dungeon.
             The game lasted 00:32:32 (4500 turns).

Gildeon the Conjurer (Deep Elf Conjurer)            Turns: 4500, Time: 00:32:32

Health: -2/43      AC:  2    Str:  5    XL:     8   Next: 4%
Magic:  2/17       EV: 15    Int: 23    God:
Gold:   222        SH:  0    Dex: 15    Spells: 3/17 levels left

rFire    . . .     SeeInvis .   w - +4 dagger (elec)
rCold    . . .     Gourm    .   (no shield)
rNeg     . . .     Faith    .   a - +0 robe
rPois    .         Spirit   .   (no helmet)
rElec    .         Reflect  .   (no cloak)
rCorr    .         Harm     .   (no gloves)
MR       .....                  (no boots)
Stlth    +++.......             f - amulet of regeneration
HPRegen  0.54/turn              (no ring)
MPRegen  0.15/turn              (no ring)

@: no status effects
A: no striking features
a: no special abilities


You were on level 5 of the Dungeon.
You were not hungry.

You visited 1 branch of the dungeon, and saw 6 of its levels.

You collected 222 gold pieces.

Inventory:

Hand Weapons
 w - a +4 dagger of electrocution (weapon)
Armour
 a - a +0 robe (worn)
Jewellery
 f - an amulet of regeneration (around neck)
 l - an uncursed amulet of the acrobat
 u - a cursed amulet of inaccuracy {unknown}
Wands
 r - a wand of random effects (27)
Scrolls
 e - a scroll of enchant armour {unknown}
 h - a scroll of random uselessness {unknown}
 p - 3 scrolls of remove curse
 s - a scroll of teleportation
Potions
 b - 3 potions of flight
 d - 7 potions of lignification
 g - a potion of brilliance
 i - 2 potions of invisibility
 j - a potion of heal wounds {unknown}
 k - a potion of curing
 m - a potion of agility {unknown}
 t - a potion of degeneration {unknown}
 v - a potion of haste {unknown}
Comestibles
 c - 15 rations
 n - 9 chunks of flesh


   Skills:
 - Level 1.5 Fighting
 + Level 1.5 Short Blades
 - Level 1.3 Armour
 - Level 5.0 Dodging
 - Level 5.0 Stealth
 - Level 5.0 Spellcasting
 + Level 7.4 Conjurations
 + Level 2.2 Hexes
 - Level 2.3 Evocations


You had 3 spell levels left.
You knew the following spells:

 Your Spells              Type           Power        Failure   Level  Hunger
a - Magic Dart            Conj           ####         1%          1    None
b - Searing Ray           Conj           #####.       1%          2    None
c - Dazzling Spray        Conj/Hex       ####..       3%          3    ##.....
d - Iskenderun's Mystic   Conj           #####...     4%          4    ####...
e - Fulminant Prism       Conj/Hex       ####......   13%         4    ####...

Your spell library contained the following spells:

 Spells                   Type           Power        Failure   Level  Hunger
 Beastly Appendage        Tmut           #.....       10%         1    None
 Summon Small Mammal      Summ           #...         10%         1    None
 Call Imp                 Summ           #.......     14%         2    None
 Sticks to Snakes         Tmut           #.......     14%         2    None
 Summon Guardian Golem    Hex/Summ       ##......     19%         3    ##.....
 Call Canine Familiar     Summ           #.......     28%         3    ##.....
 Spider Form              Tmut/Pois      #.........   28%         3    ##.....
 Force Lance              Conj/Tloc      ###.....     21%         4    ####...
 Ice Form                 Ice/Tmut       #.......     67%         4    ####...
 Summon Ice Beast         Ice/Summ       #.......     67%         4    ####...
 Summon Lightning Spire   Summ/Air       #.......     67%         4    ####...
 Blade Hands              Tmut           #.........   95%         5    #####..


Dungeon Overview and Level Annotations

Branches:
Dungeon (6/15)
 Temple: D:4-7

Altars:
Fedhas
Zin

Shops:
D:4 =

Annotations:
D:5 Duvessa, Ijyb


Message History

The magic dart hits you!
The orc priest shouts!
The searing ray hits the orc wizard.
The orc wizard is severely wounded.
The orc wizard casts a cantrip, but nothing happens.
The orc priest looks satisfied for a moment.
The searing ray hits the orc wizard.
You kill the orc wizard!
You finish channeling your searing ray.
The orc priest calls down the wrath of Beogh upon you.
Beogh smites you!
The orc wizard gestures at you while chanting.
The puff of flame hits you!
The orc priest mumbles some strange prayers to Beogh against you.
Beogh smites you!
* * * LOW HITPOINT WARNING * * *
You feel better.
The orc priest invokes the aid of Beogh against you.
Beogh smites you!
You die...

######
###....#################
#>.o..o...@.......))...####
#.#....##.#...########.#...
#.#######.#...# ###.....
#)# #.#...# #....... #o#
#.##### #....... .). #)#
#....... ..o.( ... #####...
......# ... #.(. .......#
####...


You could see an orc priest and an orc wizard.

Vanquished Creatures
  Edmund (D:5)
  2 ice beasts (D:5)
  A centaur (D:5)
  Blork the orc (D:4)
  A scorpion (D:5)
  2 howler monkeys (D:4)
  A jelly (D:5)
  A hound (D:6)
  3 orc wizards
  2 orc priests (D:3)
  Natasha (twice) (D:4)
  A worker ant (D:5)
  A hound skeleton (D:5)
  8 gnolls
  An ooze (D:2)
  A worm (D:5)
  4 leopard geckos
  15 orcs
  A ball python (D:2)
  5 giant cockroaches
  11 goblins
  8 hobgoblins
  3 jackals (D:2)
  9 kobolds
  4 quokkas
  5 bats
  8 frilled lizards
  8 rats
110 creatures vanquished.

Notes
Turn   | Place    | Note
-------+----------+-------------------------------------------
     0 | D:1      | Gildeon the Deep Elf Conjurer began the quest for the Orb.
     0 | D:1      | Reached XP level 1. HP: 10/10 MP: 6/6
   344 | D:1      | Reached XP level 2. HP: 15/15 MP: 4/8
   391 | D:1      | Learned a level 2 spell: Searing Ray
   886 | D:2      | Reached XP level 3. HP: 18/19 MP: 7/10
   891 | D:2      | Learned a level 3 spell: Dazzling Spray
   955 | D:2      | Found a faded altar of an unknown god.
  1509 | D:3      | Reached XP level 4. HP: 24/24 MP: 3/11
  1683 | D:3      | Learned a level 4 spell: Iskenderun's Mystic Blast
  1714 | D:3      | Reached skill level 5 in Conjurations
  2140 | D:3      | You fall through a shaft for 3 floors!
  2143 | D:6      | Noticed a phantom
  2152 | D:6      | Reached XP level 5. HP: 28/28 MP: 8/13
  2214 | D:5      | Entered Level 5 of the Dungeon
  2221 | D:5      | Noticed Ijyb
  2230 | D:5      | Noticed a centaur
  2267 | D:5      | Noticed Duvessa
  2282 | D:5      | Noticed an ice beast
  2288 | D:5      | Killed an ice beast
  2349 | D:5      | Reached XP level 6. HP: 32/32 MP: 9/15
  2453 | D:4      | Noticed Natasha
  2459 | D:4      | Killed Natasha
  2459 | D:4      | Reached skill level 5 in Spellcasting
  2612 | D:3      | Found a glowing silver altar of Zin.
  2612 | D:3      | Noticed an angel
  2751 | D:3      | Reached skill level 5 in Stealth
  2751 | D:3      | Reached skill level 1 in Hexes
  2909 | D:4      | Learned a level 4 spell: Fulminant Prism
  3268 | D:4      | Noticed Natasha
  3280 | D:4      | Killed Natasha
  3333 | D:4      | Found Cihum's Jewellery Shoppe.
  3338 | D:4      | Noticed Blork the orc
  3429 | D:3      | Reached skill level 1 in Evocations
  3640 | D:4      | Reached skill level 5 in Dodging
  3640 | D:4      | Reached skill level 6 in Conjurations
  3661 | D:4      | Killed Blork the orc
  3661 | D:4      | Reached skill level 1 in Short Blades
  3661 | D:4      | Reached XP level 7. HP: 29/36 MP: 7/16
  3695 | D:4      | Found a blossoming altar of Fedhas.
  4263 | D:5      | Reached skill level 1 in Fighting
  4335 | D:5      | Reached skill level 7 in Conjurations
  4474 | D:5      | Noticed Edmund
  4485 | D:5      | Killed Edmund
  4485 | D:5      | Reached skill level 1 in Armour
  4485 | D:5      | Reached XP level 8. HP: 43/43 MP: 6/17
  4498 | D:5      | HP: 2/43 [orc priest/divine providence (17)]
  4500 | D:5      | Killed from afar by an orc priest

Vault maps used:
D:1:      dpeg_arrival_tiny_h
D:2:      chequers_ecumenical_altar_island
D:3:      zin_angel, first_ration, grunt_decor_fettered, guppyfry_early_orc_mine
D:4:      serial_shops, shop, fedhas_altar_fruit_tree, uniq_blork_the_orc,
          uniq_natasha
D:5:      uniq_edmund, uniq_duvessa, uniq_ijyb
D:6:      grunt_temple_overflow_forces_of_nature, uniq_sigmund

Skill      XL: |  1  2  3  4  5  6  7 |
---------------+----------------------+-----
Stealth        | 3 4 5 |  5.0
Dodging        | 3 4 5 |  5.0
Spellcasting   | 4 5 |  5.0
Conjurations   | 5 6 7 |  7.4
Hexes          | 1 2 |  2.2
Evocations     | 1 2 |  2.3
Short Blades   | 1 |  1.5
Fighting       | 1 |  1.5
Armour         | 1 |  1.3

Action                   |  1- 3 |  4- 6 |  7- 9 || total
-------------------------+-------+-------+-------++-------
Melee: Short sword       |     8 |       |       ||     8
       Dagger            |     8 |    34 |       ||    42
 Cast: Magic Dart        |    71 |    67 |    39 ||   177
       Searing Ray       |       |    11 |     9 ||    20
Evoke: Wand              |       |     5 |       ||     5
  Use: Scroll            |    10 |    10 |       ||    20
       Potion            |       |     1 |     2 ||     3
 Stab: Sleeping          |     4 |     6 |       ||    10
  Eat: Chunk             |     2 |     4 |     1 ||     7
       Ration            |       |     1 |       ||     1
Armor: Robe              |     4 |     3 |     2 ||     9
Dodge: Dodged            |    37 |    47 |    16 ||   100

Table legend:
 A = Non-vault XP
 B = Vault XP
 C = Vault XP percentage of total XP
 D = Non-vault monster count
 E = Vault monster count
 F = Vault count percentage of total count
                 A         B        C        D         E       F
            +---------+---------+-------+---------+---------+-------
      Total |    1180 |     310 |  20.8 |     100 |      10 |   9.1
            +---------+---------+-------+---------+---------+-------
        D:1 |      14 |       0 |   0.0 |      11 |       0 |   0.0
        D:2 |      46 |       0 |   0.0 |      24 |       0 |   0.0
        D:3 |     226 |      17 |   7.0 |      34 |       7 |  17.1
        D:4 |     194 |     135 |  41.0 |       8 |       2 |  20.0
        D:5 |     658 |     158 |  19.4 |      22 |       1 |   4.3
        D:6 |      42 |       0 |   0.0 |       1 |       0 |   0.0
            +---------+---------+-------+---------+---------+-------
